 Dungeon Crawl Stone Soup version 0.31.0-9-g3a7656b989 (webtiles) character file.

Game seed: 6747643057602267017

46 qw the Shooter (level 3, -1/18 HPs)
             Began as a Spriggan Hunter on Feb 2, 2024.
             Succumbed to an adder's poison
             ... on level 2 of the Dungeon.
             The game lasted 00:00:03 (786 turns).

qw the Shooter (Spriggan Hunter)                     Turns: 786, Time: 00:00:03

Health: -1/18      AC:  2    Str:  7    XL:     3   Next: 46%
Magic:  4/4        EV: 19    Int: 10    God:
Gold:   44         SH:  0    Dex: 20    Spells: 2/2 levels left

rFire   . . .        a - +0 shortbow
rCold   . . .        (shield currently unavailable)
rNeg    . . .        c - +0 robe
rPois   .            (helmet restricted)
rElec   .            (no cloak)
rCorr   .            (gloves unavailable)
SInv    +            (boots unavailable)
Will    .....        (no amulet)
Stlth   ++           (no ring)
HPRegen 0.23/turn    (no ring)
MPRegen 0.09/turn

%: no passive effects
@: lethally poisoned (-1 -> -7), very quick
A: very small, no large weapons, unfitting armour, see invisible, speed 3
a: no special abilities


You were on level 2 of the Dungeon.
You visited 1 branch of the dungeon, and saw 2 of its levels.

You collected 44 gold pieces.


Innate Abilities, Weirdness & Mutations

You are very small and have problems with some larger weapons.
You are too small for most types of armour.
You have supernaturally acute eyesight. (SInv)
You cover ground extremely quickly. (Speed+++)


   Skills:
 - Level 1.5 Fighting
 + Level 4.7 Ranged Weapons
 - Level 4.0 Dodging
 - Level 1.5 Stealth


You had 2 spell levels left.
You didn't know any spells.
Your spell library was empty.

Inventory:

Hand Weapons
 a - a +0 shortbow (weapon)
Armour
 c - a +0 robe (worn)
Potions
 d - a potion of haste
 e - a potion of heal wounds {unknown}

Dungeon Overview and Level Annotations

Branches:
Dungeon (2/15)

Altars:

Shops:
D:1 !


Message History

You kill the ribbon worm!
You start resting.
HP restored.
An adder comes into view.
The adder hisses angrily.
You shoot an arrow. The arrow completely misses the adder.
You shoot an arrow. The arrow hits the adder.
The adder is lightly wounded.
An adder comes into view.
You shoot an arrow. The arrow misses the adder.
You shoot an arrow. The arrow misses the adder.
The adder completely misses you. The adder bites you.
You are poisoned.
The adder poisons you!
You shoot an arrow. The arrow hits the adder.
The adder is heavily wounded.
You feel sick. The adder completely misses you. x2
You shoot an arrow. The arrow hits the adder!
You kill the adder!
You feel sick.
You shoot an arrow. The arrow misses the adder.
You feel sick. The adder bites you.
You shoot an arrow. The arrow misses the adder.
You feel sick. The adder closely misses you. x2
You shoot an arrow. The arrow barely misses the adder.
You feel sick.
You are no longer poisoned.
The adder bites you.
You are poisoned.
The adder poisons you!
You shoot an arrow. The arrow hits the adder.
The adder is heavily wounded.
You feel sick. The adder bites you.
You are lethally poisoned!
The adder poisons you! The adder misses you.
You shoot an arrow. The arrow barely misses the adder.
You feel sick. The adder misses you. The adder barely misses you.
You shoot an arrow. The arrow hits the adder.
You kill the adder!
You die...

#..#..# #.....#
#...<.#
#...#.######.. ##
#............# ..
#.##.#######...#
#.##.########.#
#######..#.#........#
................@.##
.#.##.(..#######%..#
###### #...# #...#
...... .......
.......# ##...##.#


There were no monsters in sight!

Vanquished Creatures
  2 adders (D:2)
  A ribbon worm (D:2)
  5 ball pythons (D:1)
  4 endoplasms (D:1)
  2 giant cockroaches (D:1)
  3 goblins (D:1)
  4 hobgoblins (D:1)
  4 jackals (D:1)
  2 quokkas (D:1)
  2 bats (D:1)
  3 kobolds (D:1)
  A rat (D:1)
33 creatures vanquished.

Notes
Turn   | Place    | Note
-------+----------+-------------------------------------------
     0 | D:1      | qw the Spriggan Hunter began the quest for the Orb.
     0 | D:1      | Reached XP level 1. HP: 10/10 MP: 2/2
     0 | D:1      | 0 ||| qw: Version: 0.3-a-155-g5e7d8dd
     0 | D:1      | 0 ||| qw: Game counter: 614
     0 | D:1      | 0 ||| qw: Melee chars always use a shield: true
     0 | D:1      | 0 ||| qw: God list: Okawaru
     0 | D:1      | 0 ||| qw: Allow faded altars: false
     0 | D:1      | 0 ||| qw: Do Orc after clearing Dungeon:15 true
     0 | D:1      | 0 ||| qw: Do second Lair branch before Depths: true
     0 | D:1      | 0 ||| qw: Lair rune preference: random
     0 | D:1      | 0 ||| qw: Goals: Normal
     0 | D:1      | 0 ||| PLANNING D:1-11
    31 | D:1      | Reached skill level 3 in Dodging
    97 | D:1      | Found Xauju's Distillery.
   104 | D:1      | Reached XP level 2. HP: 14/14 MP: 3/3
   111 | D:1      | 111 ||| SHOPLISTING 2 potions of haste (280 gold, have 20).
   111 | D:1      | 111 ||| SHOPLISTING potion of curing (42 gold, have 20).
   111 | D:1      | 111 ||| SHOPLISTING potion of enlightenment (70 gold, have
                  | 20).
   111 | D:1      | 111 ||| SHOPLISTING potion of heal wounds (70 gold, have
                  | 20).
   315 | D:1      | Reached XP level 3. HP: 13/18 MP: 4/4
   648 | D:1      | 648 ||| READING scroll labelled KUSAID BOGU.
   648 | D:1      | 648 ||| IDENTIFYING lumpy cyan potion
   649 | D:1      | 649 ||| DROPPING scroll of butterflies.
   784 | D:2      | HP: 3/18 [adder (2)]
   785 | D:2      | HP: 1/18 [poisoned by an adder]
   786 | D:2      | Succumbed to an adder's poison

Levels and vault maps discovered:
D:1:      wheals_arrival_linesprint, layout_basic, serial_shops,
          nicolae_shop_stone
D:2:      layout_loops_ring, minmay_tree_intersection, minivault_25

Skill      XL: |  1  2 |
---------------+-------+-----
Dodging        | 3 4 |  4.0
Fighting       | |  1.5
Ranged Weapons | |  4.7
Stealth        | |  1.5

Action                     || total
---------------------------++-------
   Fire: Shortbow          ||   108
    Use: Scroll            ||     1
 Armour: Robe              ||    17
  Dodge: Dodged            ||    61

Table legend:
 A = Non-vault XP
 B = Vault XP
 C = Vault XP percentage of total XP
 D = Non-vault monster count
 E = Vault monster count
 F = Vault count percentage of total count
                 A         B        C        D         E       F
            +---------+---------+-------+---------+---------+-------
      Total |      80 |       0 |   0.0 |      33 |       0 |   0.0
            +---------+---------+-------+---------+---------+-------
        D:1 |      50 |       0 |   0.0 |      30 |       0 |   0.0
        D:2 |      30 |       0 |   0.0 |       3 |       0 |   0.0
            +---------+---------+-------+---------+---------+-------
